 Dungeon Crawl Stone Soup version 0.27-a0-1591-gc56fcc985a (webtiles) character file.

Game seed: 11843137184547342713

163 Gwenloh the Chopper (level 5, -6/46 HPs)
             Began as a Hill Orc Fighter on July 19, 2021.
             Was a Believer of Ru.
             Mangled by an orc priest (10 damage)
             ... on level 3 of the Dungeon.
             The game lasted 00:06:19 (3304 turns).

Gwenloh the Chopper (Hill Orc Fighter)              Turns: 3304, Time: 00:06:19

Health: -6/46      AC:  6    Str: 19    XL:     5   Next: 44%
Magic:  5/5        EV:  7    Int:  8    God:    Ru [**....]
Gold:   90         SH:  9    Dex: 11    Spells: 4/4 levels left

rFire    . . .     SeeInvis .   a - +0 war axe
rCold    . . .     Faith    .   c - +0 kite shield
rNeg     . . .     Spirit   .   b - +0 scale mail
rPois    .         Reflect  .   (no helmet)
rElec    .         Harm     .   (no cloak)
rCorr    .         Rampage  .   (no gloves)
Will     .....                  (no boots)
Stlth    ..........             (no amulet)
HPRegen  0.15/turn              (no ring)
MPRegen  0.09/turn              (no ring)

@: no status effects
A: inability to use devices
a: Renounce Religion, Convert to Beogh


You were on level 3 of the Dungeon.
You worshipped Ru.
Ru was pleased with you.
You visited 1 branch of the dungeon, and saw 3 of its levels.

You collected 90 gold pieces.

Inventory:

Hand Weapons
 a - a +0 war axe (weapon)
 j - a +1 vorpal flail
Missiles
 f - 39 stones (quivered)
 h - 23 sling bullets
Armour
 b - a +0 scale mail (worn)
 c - a +0 kite shield (worn)
Scrolls
 e - a scroll of noise {unknown}
 g - 2 scrolls of identify {unknown}
Potions
 d - 2 potions of might
 i - a potion of flight {unknown}


   Skills:
 - Level 3.7 Fighting
 + Level 7.1 Axes
 - Level 3.3 Armour
 - Level 3.3 Shields


You had 4 spell levels left.
You didn't know any spells.
Your spell library contained the following spells:

 Spells                   Type           Power      Damage    Failure   Level
 Summon Guardian Golem    Hex/Summ       0%         N/A       100%        3
 Orb of Destruction       Conj           0%         N/A       100%        7
 Spellforged Servitor     Conj/Summ      0%         N/A       100%        7


Dungeon Overview and Level Annotations

Branches:
Dungeon (3/15)

Altars:
Fedhas
Ru


Innate Abilities, Weirdness & Mutations

You cannot study or use magical devices.


Message History

f - 39 stones (gained 1)
There is a large open door here.
You see here a ball python skeleton.
An orc priest comes into view.
It is wielding a +1 falchion of electrocution.
The orc priest shouts, "Surrender to Beogh and we'll let you live!" (press Y on the ability menu to convert to Beogh)
The orc priest shouts!
You start waiting.
An orc priest is nearby!
The orc priest calls down the wrath of Beogh upon you.
Pain shoots through your body!
You hit the orc priest.
The orc priest is lightly wounded.
The orc priest completely misses you.
The orc priest hits you with a +1 falchion of electrocution.
You hit the orc priest.
The orc priest is moderately wounded.
The orc priest hits you with a +1 falchion of electrocution.
You are electrocuted!
* * * LOW HITPOINT WARNING * * *
You are too injured to fight recklessly!
You are too injured to fight recklessly!
You closely miss the orc priest.
The orc priest is moderately wounded.
The orc priest hits you with a +1 falchion of electrocution.
* * * LOW HITPOINT WARNING * * *
You closely miss the orc priest.
The orc priest is moderately wounded.
The orc priest hits you with a +1 falchion of electrocution.
* * * LOW HITPOINT WARNING * * *
You block the orc priest's attack.
You hit the orc priest.
The orc priest is severely wounded.
The orc priest miscasts a cantrip.
You barely miss the orc priest.
The orc priest is severely wounded.
The orc priest hits you with a +1 falchion of electrocution.
* * * LOW HITPOINT WARNING * * *
You are electrocuted!
You die...

#.# #............
#####.###.###..###...
#.........###...#####
#.#.#............#
#.#.#.....###...##
#.#.#.##.># ##.##
#.#.#.##[.# #.# #.#.#.##..#
#.# #...@.....# ##'##
#####o#######...## #..#
##.....## ##.## ##.......##
.########...####.........##
...o...........+.........'.
#########...####.........##
##.## ##.......## #.#
##.....##


You could see an orc priest.

Vanquished Creatures
  A gnoll shaman (D:3)
  Ijyb (D:3)
  3 gnolls (D:3)
  3 adders
  A worm (D:2)
  2 dart slugs
  5 ball pythons
  2 bats
  6 endoplasms
  2 giant cockroaches (D:1)
  3 goblins (D:2)
  6 hobgoblins
  3 jackals (D:3)
  2 quokkas
  2 frilled lizards
  A kobold (D:2)
  5 rats
48 creatures vanquished.

Notes
Turn   | Place    | Note
-------+----------+-------------------------------------------
     0 | D:1      | Gwenloh the Hill Orc Fighter began the quest for the Orb.
     0 | D:1      | Reached XP level 1. HP: 19/19 MP: 1/1
   144 | D:1      | Reached skill level 3 in Axes
   332 | D:1      | Reached XP level 2. HP: 27/27 MP: 2/2
   597 | D:1      | Found a faded altar of an unknown god.
   602 | D:1      | Reached skill level 4 in Axes
  1127 | D:1      | Became a worshipper of Ru the Awakened
  1138 | D:1      | Gained mutation: You cannot study or use magical devices.
                  | [Ru sacrifice]
  1138 | D:1      | Reached * piety under Ru
  1138 | D:1      | Reached ** piety under Ru
  1182 | D:2      | Reached XP level 3. HP: 8/33 MP: 3/3
  1433 | D:2      | Found a blossoming altar of Fedhas.
  1635 | D:2      | Reached skill level 5 in Axes
  2164 | D:3      | Noticed Ijyb
  2171 | D:3      | Killed Ijyb
  2172 | D:3      | Reached XP level 4. HP: 19/40 MP: 4/4
  2533 | D:3      | Reached skill level 6 in Axes
  2842 | D:3      | Reached XP level 5. HP: 44/46 MP: 5/5
  2918 | D:3      | Reached skill level 7 in Axes
  3304 | D:3      | Mangled by an orc priest

Illustrated notes

Levels and vault maps discovered:
D:1:      erik_arrival_orb_chamber, layout_basic, ebering_ecumenical_altar_hall,
          minmay_misc_feat_iff, bh_walls_and_bars
D:2:      layout_loops_ring, basic_altar, minmay_tetromino_o4
D:3:      layout_loops_corners, kennysheep_generic_room_7, uniq_ijyb

Skill      XL: |  1  2  3  4  5 |
---------------+----------------+-----
Axes           | 3 4 5 6 7 |  7.1
Fighting       | |  3.7
Armour         | |  3.3
Shields        | |  3.3

Action                   |  1- 3 |  4- 6 || total
-------------------------+-------+-------++-------
Melee: War axe           |    75 |    62 ||   137
Throw: Stone             |    16 |    31 ||    47
Invok: Sacrifice Artific |     1 |       ||     1
Armor: Scale mail        |    14 |     8 ||    22
Dodge: Dodged            |    19 |    17 ||    36
Block: Kite shield       |    26 |    29 ||    55

Table legend: (Time is in decaauts)
 A = Elapsed time spent in this place.
 B = Non-inter-level travel time spent in this place.
 C = Inter-level travel time spent in this place.
 D = Time resting spent in this place.
 E = Time spent auto-exploring this place.
 F = Levels seen in this place.
 G = Mean time per level.
                   A        B        C        D        E       F      G
               +--------+--------+--------+--------+--------+-----+--------+
         Total |   3385 |   3268 |    117 |    135 |   2691 |   3 | 1128.3 |
       Dungeon |   3385 |   3268 |    117 |    135 |   2691 |   3 | 1128.3 |
               +--------+--------+--------+--------+--------+-----+--------+

Top non-repeatable levels by time:
     D:2: 1174 daAuts
     D:1: 1164 daAuts
     D:3: 1046 daAuts
